 Dungeon Crawl Stone Soup version 0.24.0-2-g5b39cebb1c (webtiles) character file.

Game seed: 5434325378319020888, levelgen mode: deterministic

15 Esekla the Stinger (level 2, -1/20 HPs)
             Began as a Ghoul Venom Mage on Oct 29, 2019.
             Slain by a gnoll
             ... wielding a +0 spear
              (5 damage)
             ... on level 1 of the Dungeon.
             The game lasted 00:03:55 (460 turns).

Esekla the Stinger (Ghoul Venom Mage)                Turns: 460, Time: 00:03:56

Health: -1/20      AC:  2    Str: 11    XL:     2   Next: 50%
Magic:  0/4        EV: 12    Int: 10    God:
Gold:   27         SH:  0    Dex:  9    Spells: 2/5 levels left

rFire    . . .     SeeInvis .   (no weapon)
rCold    + . .     Gourm    .   (no shield)
rNeg     + + +     Faith    .   a - +0 robe
rPois    ∞         Spirit   .   (no helmet)
rElec    .         Reflect  .   (no cloak)
rCorr    .         Harm     .   (no gloves)
MR       .....                  (no boots)
Stlth    ++........             (no amulet)
HPRegen  0.00/turn              (no ring)
MPRegen  0.09/turn              (no ring)

@: very slightly contaminated, rotting
A: rotting body, claws 1, carnivore, cold resistance 1, negative energy
resistance 3, inhibited regeneration, torment resistance, unbreathing
a: no special abilities


You were on level 1 of the Dungeon.
You were not hungry.

You visited 1 branch of the dungeon, and saw 1 of its levels.

You collected 27 gold pieces.

Inventory:

Armour
 a - a +0 robe (worn)
Scrolls
 d - 2 scrolls of teleportation {unknown}
Comestibles
 b - 4 chunks of flesh
 c - a ration


   Skills:
 + Level 1.7 Dodging
 - Level 2.1 Stealth
 + Level 0.1 Unarmed Combat
 * Level 2.4 Spellcasting
 + Level 0.7 Conjurations
 + Level 3.1 Poison Magic


You had 2 spell levels left.
You knew the following spells:

 Your Spells              Type           Power        Failure   Level  Hunger
a - Sting                 Conj/Pois      #...         14%         1    ##.....
v - Poisonous Vapours     Pois/Air       #.....       24%         2    ###....

Your spell library contained the following spells:

 Spells                   Type           Power        Failure   Level  Hunger
 Mephitic Cloud           Conj/Pois/Air  #.......     47%         3    ####...
 Olgreb's Toxic Radiance  Pois           #.......     63%         4    #####..
 Venom Bolt               Conj/Pois      #.........   98%         5    ######.


Dungeon Overview and Level Annotations

Branches:
Dungeon (1/15)

Altars:


Innate Abilities, Weirdness & Mutations

Your body is rotting away.
You thrive on raw meat.
You are immune to poison.
You have sharp fingernails.
You are carnivorous and can eat meat at any time.
Your flesh is cold resistant. (rC+)
You are immune to negative energy. (rN+++)
You do not regenerate when monsters are visible.
You are immune to unholy pain and torment.
You can survive without breathing.


Message History

You miscast Poisonous Vapours.
You are very lightly contaminated with residual magic.
You feel a strange surge of energy! The gnoll closely misses you.
Casting: Poisonous Vapours (safe; 24% risk of failure)
Confirm with . or Enter, or press ? or * to list all spells.
Aiming: Poisonous Vapours (safe; 24% risk of failure)
Press: ? - help, Dir - move target cursor, f/p - gnoll
Aim: a gnoll, wielding a +0 spear Poisonous vapours surround the gnoll!
The gnoll is engulfed in poison gas.
The gnoll is poisoned.
The gnoll hits you from afar with a +0 spear.
The gnoll barely misses you.
You scratch the gnoll.
The gnoll is severely wounded.
The gnoll hits you with a +0 spear.
* * * LOW HITPOINT WARNING * * *
You closely miss the gnoll.
The gnoll is severely wounded.
The gnoll hits you with a +0 spear.
You die...

#.###.###.###.#.....##.#
#.........# ####.......#
#####.###### ##.######
#.........# #.#
#.##.####.# #.# #.##.#
#.# #+# #.##.## #.#
#.##..###g# #.###..##@#
#.........##
####.......+ ##...####
#..## #..# ##># #.# #.#


You could see a gnoll.

Vanquished Creatures
  A dart slug (D:1)
  4 bats (D:1)
  2 goblins (D:1)
  A hobgoblin (D:1)
  A kobold (D:1)
  A frilled lizard (D:1)
  4 rats (D:1)
14 creatures vanquished.

Notes
Turn   | Place    | Note
-------+----------+-------------------------------------------
     0 | D:1      | Esekla the Ghoul Venom Mage began the quest for the Orb.
     0 | D:1      | Reached XP level 1. HP: 14/14 MP: 2/2
   141 | D:1      | Reached XP level 2. HP: 19/20 MP: 4/4
   304 | D:1      | Learned a level 2 spell: Poisonous Vapours
   460 | D:1      | Slain by a gnoll

Levels and vault maps discovered:
D:1:      dpeg_arrival_yet_another_circle, layout_loops_corners

Skill      XL: |  1 |
---------------+----+-----
Spellcasting   | 2 |  2.4
Dodging        | |  1.7
Stealth        | |  2.1
Unarmed Combat | |  0.1
Conjurations   | |  0.7
Poison Magic   | |  3.1

Action                   || total
-------------------------++-------
Melee: Unarmed           ||    64
 Cast: Sting             ||     2
       Poisonous Vapours ||     1
 Stab: Sleeping          ||     3
  Eat: Chunk             ||     7
Armor: Robe              ||    20
Dodge: Dodged            ||    41
